 Dungeon Crawl Stone Soup version 0.30.0-5-g1a98f26d00 (webtiles) character file.

Game seed: 7872652710130207259

102 Irreverend the Shield-Bearer (level 4, -5/45 HPs)
             Began as a Troll Fighter on May 13, 2023.
             Succumbed to an orc wizard's poison
             ... on level 4 of the Dungeon.
             The game lasted 00:02:43 (1791 turns).

Irreverend the Shield-Bearer (Troll Fighter)        Turns: 1791, Time: 00:02:44

Health: -5/45      AC:  4    Str: 24    XL:     4   Next: 49%
Magic:  3/3        EV:  8    Int:  6    God:
Gold:   146        SH:  0    Dex:  9    Spells: 3/3 levels left

rFire   . .          .
                       - Unarmed
rCold   . . .        b - +0 kite shield
rNeg    . . .        a - +0 robe
rPois   .            (helmet restricted)
rElec   .            (no cloak)
rCorr   .            (gloves unavailable)
SInv    .            (boots unavailable)
Will    .....        (no amulet)
Stlth   +            (no ring)
HPRegen 1.07/turn    (no ring)
MPRegen 0.08/turn

%: no passive effects
@: confused, lethally poisoned (-5 -> -25)
A: large, unfitting armour, claws 3, regeneration 1, shaggy fur 1, tough skin 1
a: no special abilities


You were on level 4 of the Dungeon.
You visited 1 branch of the dungeon, and saw 4 of its levels.

You collected 146 gold pieces.

Inventory:

Armour
 a - a +0 robe (worn)
 b - a +0 kite shield (worn)
Jewellery
 j - a ring of wizardry
Wands
 o - a wand of polymorph (12)
Scrolls
 e - 8 scrolls of teleportation {unknown}
 f - 2 scrolls of identify {unknown}
 i - a scroll of vulnerability {unknown}
 l - 2 scrolls of noise {unknown}
 n - a scroll of amnesia {unknown}
Potions
 c - a potion of might
 d - a potion of berserk rage {unknown}
 g - 2 potions of lignification {unknown}
 h - a potion of flight {unknown}
 k - a potion of attraction {unknown}
 m - a potion of brilliance {unknown}


   Skills:
 + Level 3.1 Fighting
 - Level 2.4 Dodging
 + Level 3.5 Shields
 + Level 3.2 Unarmed Combat


You had 3 spell levels left.
You didn't know any spells.
Your spell library contained the following spells:

 Spells                   Type           Power      Damage    Failure   Level
 Sandblast                Erth           0%         2d4       71%         1
 Passwall                 Tmut/Erth      0%         N/A       85%         2
 Stone Arrow              Conj/Erth      0%         3d7       97%         3


Dungeon Overview and Level Annotations

Branches:
Dungeon (4/15)
 Temple: D:4-7

Altars:
Makhleb
Vehumet

Annotations:
D:3 2 transporters


Innate Abilities, Weirdness & Mutations

You are too large for most types of armour.
You have claws for hands.
Your natural rate of healing is unusually fast.
You are covered in fur. (AC +1)
You have tough skin. (AC +1)


Message History

The orc wizard flickers and vanishes!
Deactivating autopickup; reactivate with Ctrl-A.
You feel sick.
You hear some strange, mumbled words.
You are more confused.
The orc hits you but does no damage.
There is a stone staircase leading up here.
You bump into the rock wall.
You feel sick. The orc closely misses you.
You scratch the orc.
The orc is lightly wounded.
You feel sick. The orc closely misses you.
You feel sick. The orc hits you with a +0 hand axe.
You miss the orc.
The orc is lightly wounded.
You feel sick. Something hits you.
You are more poisoned.
The orc closely misses you.
You claw the orc!
You kill the orc!
You feel very sick. Something hits you. The orc barely misses you.
You bump into the rock wall.
You feel sick. Something hits you.
You are more poisoned.
The orc closely misses you.
You bump into the rock wall.
You feel very sick. Something hits you.
* * * LOW HITPOINT WARNING * * *
You are lethally poisoned!
The orc barely misses you.
You're too confused to move!
* * * LOW HITPOINT WARNING * * *
You feel very sick. Something hits you.
* * * LOW HITPOINT WARNING * * *
You are more poisoned.
The orc hits you with a +0 hand axe.
* * * LOW HITPOINT WARNING * * *
You're too confused to move!
You die...

#.. #.# ...
# #.# ####
#.##.##.#...
#.........#
#.##.##.#
#..o){..####
####@<.....#
#######.#


You could see an orc.

Vanquished Creatures
  A crimson imp (D:3)
  2 adders (D:2)
  A worm (D:2)
  An orc (D:4)
  2 bats (D:1)
  4 endoplasms
  4 giant cockroaches
  4 goblins
  6 hobgoblins
  5 kobolds
  4 quokkas
  4 ball pythons
  6 rats
44 creatures vanquished.

Notes
Turn   | Place    | Note
-------+----------+-------------------------------------------
     0 | D:1      | Irreverend the Troll Fighter began the quest for the Orb.
     0 | D:1      | Reached XP level 1. HP: 22/22 MP: 0/0
   121 | D:1      | Found a faded altar of an unknown god.
   147 | D:1      | Reached XP level 2. HP: 29/29 MP: 1/1
   822 | D:2      | Reached XP level 3. HP: 36/36 MP: 2/2
  1209 | D:3      | Found a transporter.
  1224 | D:3      | Found a transporter.
  1527 | D:3      | Reached XP level 4. HP: 45/45 MP: 3/3
  1615 | D:3      | Found a burning altar of Makhleb.
  1616 | D:3      | Found a radiant altar of Vehumet.
  1790 | D:4      | HP: 1/45 [orc/+0 hand axe (6)]
  1791 | D:4      | Succumbed to an orc wizard's poison

Illustrated notes

Levels and vault maps discovered:
D:1:      minmay_arrival_solitary_statue, layout_basic,
          shapermc_ecumenical_altar_hornbeckon, grunt_decor_fettered
D:2:      layout_rooms
D:3:      gammafunk_wand_slinger, layout_basic,
          grunt_temple_overflow_lords_of_destruction,
          amcnicky_mini_rare_corridor_liquid
D:4:      layout_loops_cross, mainiacjoe_overflow_alcove_2,
          minmay_temple_entry_arrows, minmay_crystal_room, uniq_robin,
          uniq_ijyb, uniq_menkaure

Skill      XL: |  1  2  3  4 |
---------------+-------------+-----
Shields        | 3 |  3.5
Fighting       | 3 |  3.1
Unarmed Combat | 3 |  3.2
Dodging        | |  2.4

Action                     |  1- 3 |  4- 6 || total
---------------------------+-------+-------++-------
  Melee: Unarmed           |    86 |    10 ||    96
 Armour: Robe              |    17 |     3 ||    20
  Dodge: Dodged            |    26 |     8 ||    34
  Block: Kite shield       |    33 |     2 ||    35
